 Dungeon Crawl Stone Soup version 0.21.1-1-g345015f (webtiles) character file.

1386 RudyRod the Sneak (level 8, -3/73 HPs)
             Began as a Naga Fighter on Apr 7, 2018.
             Slain by an orc warrior
             ... wielding a +0 short sword
              (6 damage)
             ... on level 6 of the Dungeon.
             The game lasted 00:23:00 (4658 turns).

RudyRod the Sneak (Naga Fighter)                    Turns: 4658, Time: 00:23:01

Health: -3/73      AC: 11    Str: 25    XL:     8   Next: 67%
Magic:  8/8        EV:  8    Int: 17    God:
Gold:   248        SH: 11    Dex: 12    Spells: 7/7 levels left

rFire    . . .     SeeInvis +   E - +5 hand axe "Jeges" {pain, rElec Int+4 SInv}
rCold    . . .     Gourm    .   c - +1 shield
rNeg     + + +     Faith    .   r - +0 ring mail "Roodduosch" {rN+++ Str+6 Slay-4} (curse)
rPois    +         Spirit   .   q - +2 helmet
rElec    +         Reflect  .   C - +0 cloak
rCorr    .         Harm     .   u - +0 pair of gloves
MR       +....                  (no barding)
Stlth    ++........             (no amulet)
HPRegen  0.22/turn              x - +4 ring of intelligence
MPRegen  0.11/turn              y - ring of flight

@: short of breath, very slow
A: large, see invisible, deformed body, poison resistance, slowness 2, slow
metabolism 1, spit poison 1, AC +2
a: Spit Poison, Evoke Flight


You were on level 6 of the Dungeon.
You were not hungry.

You visited 1 branch of the dungeon, and saw 7 of its levels.

You collected 248 gold pieces.

Inventory:

Hand Weapons
 a - a +1 long sword
 i - the +10 short sword of Focus {vamp, Dex+4, unknown}
   (You found it on level 5 of the Dungeon)

   It inflicts no extra harm, but heals its wielder when it wounds a living foe.
   It affects your dexterity (+4).
 B - the +4 mace "Yllu" {protect, rElec}
   (You found it on level 5 of the Dungeon)

   It protects the one who uses it against injury (+AC on strike).
   It insulates you from electricity.
 E - the +5 hand axe "Jeges" (weapon) {pain, rElec Int+4 SInv}
   (You found it on level 6 of the Dungeon)

   In the hands of one skilled in necromantic magic, it inflicts extra damage on
   living creatures.
   It affects your intelligence (+4).
   It insulates you from electricity.
   It lets you see invisible.
Armour
 b - a +0 scale mail
 c - a +1 shield (worn)
 q - a +2 helmet (worn)
 r - the cursed +0 ring mail "Roodduosch" (worn) {rN+++ Str+6 Slay-4}
   (You found it on level 5 of the Dungeon)

   It affects your strength (+6).
   It affects your accuracy and damage with ranged weapons and melee attacks
   (-4).
   It renders you almost immune to negative energy.
   It has a curse placed upon it.
 u - a +0 pair of gloves (worn)
 C - a +0 cloak (worn)
 G - a +2 robe of cold resistance
Jewellery
 x - a +4 ring of intelligence (left hand)
 y - a ring of flight (right hand)
Wands
 d - a wand of disintegration (8)
 g - a wand of flame (16)
 k - a wand of acid (9)
Scrolls
 h - 2 scrolls of remove curse
 m - 2 scrolls of teleportation
 o - 3 scrolls of amnesia
 v - 2 scrolls of noise
 A - 3 scrolls of identify
 D - a scroll of enchant armour
 F - a scroll of fog {unknown}
Potions
 j - a potion of flight
 l - a potion of lignification {unknown}
 n - a potion of magic {unknown}
 p - 2 potions of resistance {unknown}
 s - a potion of cancellation {unknown}
 t - 2 potions of degeneration {unknown}
 w - a potion of invisibility {unknown}
 z - 2 potions of brilliance {unknown}
Comestibles
 f - 7 rations


   Skills:
 + Level 4.3 Fighting
 + Level 5.2 Long Blades
 + Level 0.4 Axes
 + Level 3.8 Armour
 * Level 2.7 Dodging
 * Level 6.0 Stealth
 * Level 5.1 Shields


You had 7 spell levels left.
You didn't know any spells.

Dungeon Overview and Level Annotations

Branches:
Dungeon (7/15)
 Temple: D:4-7

Altars:
Vehumet


Innate Abilities, Weirdness & Mutations

You cannot wear boots.
Your serpentine skin is tough. (AC +2)
You have supernaturally acute eyesight. (SInv)
Armour fits poorly on your strangely shaped body.
Your system is resistant to poisons. (rPois)
You cover ground very slowly.
You have a slow metabolism.
You can spit poison.


Message History

You block the orc warrior's attack.
You feel better. You block the orc warrior's attack.
You hit the orc warrior.
The orc warrior is almost dead.
The orc warrior hits you with a short sword!
* * * LOW HITPOINT WARNING * * *
You hit the orc warrior but do no damage.
The orc warrior is almost dead.
You block the orc warrior's attack. x2
Press: ? - help, Shift-Dir - straight line, f - orc warrior
Aim: an orc warrior, wielding a short sword and wearing a plate armour (almost dead)
The splash of poison hits the orc warrior.
The orc warrior appears unharmed.
The orc warrior is almost dead.
You feel slightly more hungry.
The orc warrior hits you but does no damage.
You barely miss the orc warrior.
The orc warrior is almost dead.
The orc warrior hits you with a short sword.
You die...

#..# ##.## #..# #####
#.######....
#)#......##.
##)[.#######.
###..###...##..
#######...###........
#...@.....##.........
#..o......##.........
#.........##.........
#.........###........
########### ##...##..
########


You could see an orc warrior.

Vanquished Creatures
  The ghost of iamserjio the Ducker, a novice OpMo of Dithmenos (D:5)
  Grinder (D:5)
  An ice beast (D:4)
  A sky beast (D:5)
  A centaur (D:4)
  A scorpion (D:5)
  A howler monkey (D:6)
  5 orc wizards
  2 orc priests
  Crazy Yiuf (D:5)
  3 worker ants
  2 iguanas
  The ghost of Hasart the Magician, a weakling DsWz (D:3)
  6 adders
  A howler monkey skeleton (D:5)
  An ooze (D:4)
  3 worms
  A dart slug (D:4)
  2 leopard geckos
  19 orcs
  A giant cockroach (D:1)
  10 goblins
  6 hobgoblins
  12 jackals
  8 kobolds
  2 quokkas
  2 ball pythons
  11 bats
  3 frilled lizards
  10 rats
119 creatures vanquished.

Notes
Turn   | Place    | Note
-------+----------+-------------------------------------------
     0 | D:1      | RudyRod the Naga Fighter began the quest for the Orb.
     0 | D:1      | Reached XP level 1. HP: 21/21 MP: 1/1
   302 | D:1      | Reached XP level 2. HP: 16/28 MP: 2/2
   637 | D:1      | Reached XP level 3. HP: 30/34 MP: 3/3
   828 | D:1      | Reached skill level 1 in Stealth
  1475 | D:2      | Reached XP level 4. HP: 42/42 MP: 4/4
  1632 | D:3      | Noticed Hasart's ghost (weakling DsWz)
  1665 | D:3      | Killed Hasart's ghost
  1724 | D:3      | Reached skill level 2 in Stealth
  2215 | D:3      | Reached XP level 5. HP: 49/49 MP: 5/5
  2394 | D:4      | Noticed a centaur
  2403 | D:4      | Killed a centaur
  2403 | D:4      | Reached skill level 1 in Dodging
  2403 | D:4      | Reached skill level 3 in Stealth
  2403 | D:4      | Reached XP level 6. HP: 46/56 MP: 6/6
  2429 | D:4      | Noticed an ice beast
  2728 | D:4      | Killed an ice beast
  2805 | D:4      | Reached XP level 7. HP: 46/63 MP: 7/7
  2817 | D:4      | Reached skill level 4 in Stealth
  3115 | D:5      | Entered Level 5 of the Dungeon
  3160 | D:5      | Got a dazzling short sword
  3257 | D:5      | Noticed iamserjio's ghost (novice OpMo)
  3279 | D:5      | Killed iamserjio's ghost
  3279 | D:5      | Reached skill level 5 in Stealth
  3279 | D:5      | Reached XP level 8. HP: 56/72 MP: 8/8
  3357 | D:5      | Found a radiant altar of Vehumet.
  3404 | D:5      | Noticed Grinder
  3427 | D:5      | Killed Grinder
  3427 | D:5      | Reached skill level 5 in Long Blades
  3526 | D:5      | Got a pitted ring mail
  3537 | D:5      | Identified the cursed +0 ring mail "Roodduosch" {rN+++ Str+6 Slay-4} (You found it on level 5 of the Dungeon)
  3961 | D:5      | Found a runed door.
  3965 | D:5      | Noticed Crazy Yiuf
  3968 | D:5      | Killed Crazy Yiuf
  3972 | D:5      | Got an ancient mace
  3973 | D:5      | Identified the +4 mace "Yllu" {protect, rElec} (You found it on level 5 of the Dungeon)
  4127 | D:6      | Got an iridescent hand axe
  4128 | D:6      | Identified the +5 hand axe "Jeges" {pain, rElec Int+4 SInv} (You found it on level 6 of the Dungeon)
  4221 | D:6      | Reached skill level 5 in Shields
  4507 | D:6      | Reached skill level 6 in Stealth
  4651 | D:6      | HP: 1/73 [orc warrior/short sword (8)]
  4658 | D:6      | Slain by an orc warrior

Skill      XL: |  1  2  3  4  5  6  7  8 |
---------------+-------------------------+-----
Stealth        | 1 2 3 5 6 |  6.0
Shields        | 3 4 5 |  5.1
Armour         | 3 |  3.8
Long Blades    | 3 4 5 |  5.2
Dodging        | 1 2 |  2.7
Fighting       | 4 |  4.3
Axes           | |  0.4

Action                   |  1- 3 |  4- 6 |  7- 9 || total
-------------------------+-------+-------+-------++-------
Melee: Long sword        |   152 |   155 |   162 ||   469
       Hand axe          |       |       |   104 ||   104
 Abil: Spit Poison       |     3 |     8 |     6 ||    17
  Use: Scroll            |       |     9 |       ||     9
       Potion            |       |     2 |     3 ||     5
 Stab: Sleeping          |       |       |     2 ||     2
  Eat: Chunk             |     2 |     4 |     3 ||     9
       Ration            |       |       |     2 ||     2
Armor: Scale mail        |    98 |    95 |    42 ||   235
       Ring mail         |       |       |    39 ||    39
Dodge: Dodged            |    41 |    47 |    68 ||   156
Block: Shield            |    89 |    91 |   154 ||   334
       Rpst.: Long sword |    15 |    12 |    10 ||    37
